AoeStats
← flo25

Arena

506916746Analyzed
4v4 RM · 16d ago on Sep 15, 2026· 43m 16s· 8 players
Game mode
Random Map
Map size
Large (8 player)
Population
200
Speed
Normal
Resources
Standard
Victory
Conquest
Starting age
Dark Age
Ending age
Imperial Age
RankedLock teamsTeams togetherTeam positionsShared explorationLock speedFull tech treeHidden civsTurbo modeCheats
Victory
Defeat
🇹🇷 Huns · Türkiye
1080
+11
🇩🇪 Goths · Germany
984
+15
🇭🇰 Lithuanians · Hong Kong SAR China
974
+16
🇹🇷 Malay · Türkiye
914
+54
🇪🇸 Georgians · Spain
988
-16
🇫🇷 Britons · France
967
-15
🇫🇷 Wei · France
964
-15
🇺🇸 Japanese · United States
960
-15
revientamuros
0:40 Loom
10:47 Feudal Age
12:33 Town Watch
13:26 Double-Bit Axe
19:02 Castle Age
17:58 Horse Collar
20:14 Wheelbarrow
20:56 Bow Saw
20:56 Husbandry
22:10 Gold Mining
24:28 Heavy Plow
25:16 Stone Mining
28:44 Hand Cart
28:44 Bloodlines
29:43 Treadmill Crane
33:08 Imperial Age
31:55 Forging
31:50 Scale Barding Armor
32:26 Ballistics
32:18 Fletching
33:04 Masonry
34:18 Chain Barding Armor
34:33 Iron Casting
33:54 Bodkin Arrow
34:51 Conscription
33:56 Elite Monaspa
35:27 Crop Rotation
37:18 Plate Barding Armor
37:48 Blast Furnace
37:26 Svan Towers
38:12 Fortified Wall
38:08 Siege Engineers
39:08 Bracer
41:20 Chemistry
flo25
10:32 Feudal Age
15:50 Castle Age
15:21 Double-Bit Axe
15:19 Horse Collar
18:49 Bow Saw
19:30 Heavy Plow
22:46 Gold Mining
24:27 Gold Shaft Mining
23:45 Stone Mining
25:31 Pikeman
29:17 Imperial Age
27:25 Ballistics
26:31 Elite Skirmisher
27:14 Squires
27:53 Arson
28:14 Padded Archer Armor
28:04 Fletching
28:15 Scale Mail Armor
28:26 Forging
29:51 Gambesons
30:24 Leather Archer Armor
30:05 Bodkin Arrow
29:44 Halberdier
31:05 Chain Mail Armor
32:38 Wheelbarrow
31:49 Loom
33:00 Elite Longbowman
35:32 Chemistry
37:50 Plate Mail Armor
37:51 Ring Archer Armor
37:22 Bracer
37:57 Iron Casting
37:49 Hand Cart
42:44 Two-Man Saw
43:43 Blast Furnace
42:08 Man-at-Arms
Y4nou71
10:37 Feudal Age
13:50 Loom
16:36 Castle Age
15:19 Horse Collar
15:27 Double-Bit Axe
15:51 Gold Mining
19:08 Bow Saw
19:13 Stone Mining
21:01 Heavy Plow
22:47 Wheelbarrow
23:34 Town Watch
26:44 Gold Shaft Mining
26:34 Hand Cart
31:05 Imperial Age
29:44 Scale Barding Armor
29:50 Forging
29:31 Fletching
29:43 Scale Mail Armor
29:26 Pikeman
30:40 Tuntian
30:56 Bloodlines
30:51 Husbandry
31:52 Heavy Hei Guang Cavalry
31:54 Light Cavalry
34:29 Halberdier
35:37 Chain Barding Armor
35:54 Iron Casting
37:15 Squires
DigitalSixteen
10:08 Feudal Age
15:07 Castle Age
13:30 Double-Bit Axe
14:31 Horse Collar
17:29 Bow Saw
17:35 Man-at-Arms
18:21 Scale Mail Armor
19:12 Loom
20:09 Wheelbarrow
20:42 Stone Mining
21:26 Fletching
22:22 Long Swordsman
23:11 Heavy Plow
25:46 Squires
26:01 Forging
26:46 Bodkin Arrow
27:11 Guard Tower
27:03 Treadmill Crane
28:54 Hand Cart
28:24 Town Watch
28:37 Arson
29:09 Pikeman
30:39 Yasama
31:25 Chain Mail Armor
33:17 Murder Holes
32:54 Crossbowman
(Kush)Martinez
4:00 Loom
10:46 Feudal Age
11:51 Feudal Age
13:44 Wheelbarrow
16:06 Castle Age
15:00 Double-Bit Axe
17:44 Horse Collar
20:27 Bow Saw
20:42 Heavy Plow
24:28 Caravan
24:53 Forging
27:55 Iron Casting
27:20 Scale Mail Armor
27:46 Anarchy
28:00 Squires
28:49 Town Watch
29:44 Town Patrol
29:08 Pikeman
32:35 Chain Mail Armor
32:39 Hand Cart
35:04 Imperial Age
32:53 Hand Cart
35:58 Elite Huskarl
40:52 Blast Furnace
hqitbkv
0:59 Loom
11:58 Feudal Age
17:02 Castle Age
15:50 Double-Bit Axe
15:46 Horse Collar
18:39 Bow Saw
22:33 Heavy Plow
22:58 Stone Mining
26:39 Wheelbarrow
28:47 Stone Shaft Mining
28:02 Gold Mining
29:27 Hand Cart
33:55 Imperial Age
31:58 Bloodlines
31:48 Husbandry
31:35 Treadmill Crane
32:26 Fortified Wall
32:26 Masonry
32:58 Forging
32:54 Scale Barding Armor
34:02 Cavalier
35:24 Iron Casting
35:09 Chain Barding Armor
35:31 Conscription
36:00 Paladin
39:09 Plate Barding Armor
41:21 Elite Leitis
42:17 Caravan
42:09 Fletching
Tiger Chicky Face
12:22 Feudal Age
16:09 Castle Age
14:06 Horse Collar
14:35 Double-Bit Axe
17:16 Bow Saw
17:49 Wheelbarrow
21:58 Gold Mining
23:29 Heavy Plow
26:28 Gold Shaft Mining
29:13 Imperial Age
27:30 Forging
27:59 Scale Barding Armor
28:02 Husbandry
28:38 Bloodlines
29:05 Iron Casting
28:47 Loom
28:51 Town Watch
29:28 Chain Barding Armor
29:36 Marauders
29:17 Elite Tarkan
30:30 Conscription
31:51 Blast Furnace
31:53 Hand Cart
33:55 Plate Barding Armor
34:40 Town Patrol
Endulusi
1:03 Loom
7:04 Loom
9:29 Feudal Age
9:58 Wheelbarrow
9:28 Double-Bit Axe
10:41 Horse Collar
12:08 Town Watch
17:45 Gold Mining
25:36 Castle Age
23:20 Man-at-Arms
24:22 Stone Mining
25:19 Heavy Plow
25:53 Bow Saw
25:35 Elite Skirmisher
27:08 Hand Cart
27:38 Forging
29:29 Masonry
29:36 Scale Barding Armor
31:06 Gold Shaft Mining
31:08 Fletching
31:20 Guard Tower
32:21 Stone Shaft Mining
36:38 Ballistics
36:22 Padded Archer Armor
37:04 Pikeman
38:03 Leather Archer Armor
38:57 Caravan
38:58 Murder Holes
39:42 Bodkin Arrow
Connection lost

Rejoining the realm…

Still unreachable

The connection could not be restored.

Session expired

The server has moved on; the page needs a fresh start.